 Dungeon Crawl Stone Soup version 0.22-a0-412-g2b68d144a4 (webtiles) character file.

814 HereIgoKillingAgain the Cleaver (level 7, -1/57 HPs)
             Began as a Hill Orc Fighter on May 12, 2018.
             Was a Believer of Beogh.
             Incinerated by bogue1979's ghost (2 damage)
             ... with a sticky flame
             ... on level 5 of the Dungeon.
             The game lasted 00:03:38 (3040 turns).

HereIgoKillingAgain the Cleaver (Hill Orc Fighter)  Turns: 3040, Time: 00:03:39

Health: -1/57      AC:  8    Str: 24    XL:     7   Next: 93%
Magic:  7/7        EV:  7    Int: 10    God:    Beogh [**....]
Gold:   231        SH:  9    Dex: 10    Spells: 6/6 levels left

rFire    + . .     SeeInvis .   a - +1 war axe
rCold    + . .     Gourm    .   c - +0 shield
rNeg     . . .     Faith    .   b - +0 scale mail
rPois    +         Spirit   .   (no helmet)
rElec    +         Reflect  .   (no cloak)
rCorr    +         Harm     .   (no gloves)
MR       .....                  p - +0 pair of boots
Stlth    ..........             r - amulet of magic regeneration
HPRegen  0.19/turn              s - ring of resist corrosion
MPRegen  0.35/turn              (no ring)

@: mighty, liquid flames, resistant, glowing
A: no striking features
a: Smiting, Renounce Religion


You were on level 5 of the Dungeon.
You worshipped Beogh.
Beogh was pleased with you.
You were not hungry.

You visited 1 branch of the dungeon, and saw 5 of its levels.

You collected 231 gold pieces.

Inventory:

Hand Weapons
 a - a +1 war axe (weapon)
Armour
 b - a +0 scale mail (worn)
 c - a +0 shield (worn)
 p - a +0 pair of boots (worn)
Jewellery
 r - an amulet of magic regeneration (around neck)
 s - a ring of resist corrosion (left hand)
Wands
 l - a wand of random effects (22)
 o - a wand of digging (16)
Scrolls
 h - a scroll of magic mapping
 i - 10 scrolls of remove curse
 j - 3 scrolls of teleportation
 n - 2 scrolls of amnesia
 u - a scroll of identify
Potions
 d - a potion of might
 e - a potion of lignification {unknown}
 g - a potion of degeneration {unknown}
 k - a potion of haste {unknown}
 m - 2 potions of heal wounds {unknown}
 q - a potion of resistance
 t - a potion of mutation {unknown}
 v - a potion of agility {unknown}
Comestibles
 f - 7 rations
 w - 3 chunks of flesh


   Skills:
 - Level 3.6 Fighting
 + Level 11.3 Axes
 - Level 3.2 Armour
 - Level 3.2 Shields


You had 6 spell levels left.
You didn't know any spells.
Your spell library was empty.

Dungeon Overview and Level Annotations

Branches:
Dungeon (5/15)
 Temple: D:4-7

Altars:
Fedhas
Sif Muna
Uskayaw
Wu Jian
Xom
Zin

Shops:
D:4 *

Annotations:
D:5 Dowan, Duvessa


Message History

Bogue1979's ghost is almost destroyed.
You slash Dowan!
You are covered in liquid flames!
* * * LOW HITPOINT WARNING * * *
You block bogue1979's ghost's attack. Dowan hits you with a dagger.
* * * LOW HITPOINT WARNING * * *
Bogue1979's ghost hits you but does no damage.
You feel drained.
You slash bogue1979's ghost!
You destroy bogue1979's ghost!
Beogh accepts your kill.
Your life force feels restored.
Your Axes skill gained 2 levels and is now at level 11!
Your shield prevents you from hitting Dowan.
You are covered in liquid flames!
* * * LOW HITPOINT WARNING * * *
It was a potion of resistance.
You feel protected.
You are covered in liquid flames!
You die...

.. #.... ........# #....
........# #....
........###### #....
.............# #....
.............#######....
...................#....
...................'....
.......@...........#..##
......e.#####......#..##
.....e..#...'......#..#.
........#...#......#..#.
........#...#......#..#.
........#...#......#..#.
........#...#......#..#.
.%.....!#...+......#..##
#####......# #


You could see Duvessa and Dowan.

Vanquished Creatures
  The ghost of bogue1979 the Firebug, a novice DrFE of Vehumet (D:5)
  A phantom (D:4)
  A scorpion (D:4)
  A crimson imp (D:5)
  A hound (D:2)
  An orc wizard (D:3)
  2 worker ants (D:4)
  A worker ant zombie (D:5)
  Robin (D:4)
  5 adders
  2 oozes
  4 leopard geckos
  12 orcs (D:3)
  5 giant cockroaches
  17 goblins
  10 hobgoblins
  5 jackals
  3 kobolds
  A quokka (D:3)
  A ball python (D:2)
  8 bats
  6 frilled lizards
  5 rats
94 creatures vanquished.

Vanquished Creatures (others)
  A hobgoblin (D:3)
1 creature vanquished.

Grand Total: 95 creatures vanquished

Notes
Turn   | Place    | Note
-------+----------+-------------------------------------------
     0 | D:1      | HereIgoKillingAgain the Hill Orc Fighter began the quest for the Orb.
     0 | D:1      | Reached XP level 1. HP: 19/19 MP: 1/1
    17 | D:1      | Reached skill level 3 in Axes
   131 | D:1      | Reached XP level 2. HP: 22/26 MP: 2/2
   219 | D:1      | Reached skill level 4 in Axes
   497 | D:2      | Reached XP level 3. HP: 31/31 MP: 3/3
   531 | D:2      | Reached skill level 5 in Axes
   562 | D:2      | Reached XP level 4. HP: 20/39 MP: 4/4
   588 | D:2      | Found an ornate altar of the Wu Jian Council.
   652 | D:2      | Reached skill level 6 in Axes
  1227 | D:2      | Found a blossoming altar of Fedhas.
  1227 | D:2      | Found a hide-covered altar of Uskayaw.
  1460 | D:3      | Became a worshipper of Beogh the Brigand
  1620 | D:3      | Reached XP level 5. HP: 45/45 MP: 5/5
  1654 | D:3      | Reached skill level 7 in Axes
  1662 | D:3      | Reached * piety under Beogh
  2188 | D:3      | Noticed an angel
  2189 | D:3      | Found a glowing silver altar of Zin.
  2189 | D:3      | Found a shimmering altar of Xom.
  2390 | D:4      | Noticed a phantom
  2417 | D:4      | Killed a phantom
  2417 | D:4      | Reached skill level 8 in Axes
  2417 | D:4      | Reached XP level 6. HP: 48/51 MP: 6/6
  2459 | D:4      | Found a deep blue altar of Sif Muna.
  2534 | D:4      | Reached skill level 9 in Axes
  2581 | D:4      | Noticed Robin
  2600 | D:4      | Killed Robin
  2900 | D:4      | Found Jupsulas's Assorted Antiques.
  2952 | D:5      | Entered Level 5 of the Dungeon
  2970 | D:5      | Reached ** piety under Beogh
  3002 | D:5      | Reached XP level 7. HP: 52/57 MP: 7/7
  3027 | D:5      | Noticed bogue1979's ghost (novice DrFE)
  3030 | D:5      | Noticed Dowan
  3035 | D:5      | Noticed Duvessa
  3039 | D:5      | Killed bogue1979's ghost
  3039 | D:5      | Reached skill level 11 in Axes
  3039 | D:5      | HP: 1/57 [burnt (5)]
  3040 | D:5      | Incinerated by bogue1979's ghost

Vault maps used:
D:1:      eino_arrival_tree_alley
D:2:      marbit_many_paths, gammafunk_temple_overflow_wave, serial_bayou,
          serial_bayou_pond_c, serial_bayou_lagoon_b, serial_bayou_pond_e,
          minmay_misc_feat_diagonals, minivault_14, feat_on_display
D:3:      grunt_temple_overflow_order_and_chaos_1
D:4:      minmay_door_path, kennysheep_mini_moat, serial_shops, shop,
          first_ration, uniq_robin
D:5:      overflow_temple_1_default, uniq_duvessa

Skill      XL: |  1  2  3  4  5  6  7 |
---------------+----------------------+-----
Axes           | 3 4 5 6 8 9 11 | 11.3
Fighting       | |  3.6
Armour         | |  3.2
Shields        | |  3.2

Action                   |  1- 3 |  4- 6 |  7- 9 || total
-------------------------+-------+-------+-------++-------
Melee: War axe           |    69 |   218 |     8 ||   295
Invok: Convert to Beogh  |       |     1 |       ||     1
  Use: Scroll            |     1 |     8 |       ||     9
       Potion            |       |       |     2 ||     2
  Eat: Chunk             |       |     7 |       ||     7
Armor: Scale mail        |    30 |   107 |     6 ||   143
Dodge: Dodged            |    24 |    68 |     1 ||    93
Block: Shield            |    33 |   104 |     3 ||   140

Table legend:
 A = Spawn XP
 B = Non-spawn XP
 C = Spawn XP percentage of total XP
 D = Spawn monster count
 E = Non-spawn monster count
 F = Spawn count percentage of total count
 G = Total turns spent on level
                    A         B        C        D         E        F      G
               +---------+---------+-------+---------+---------+-------+---------
         Total |       0 |    1164 |   0.0 |       0 |      94 |   0.0 |  3040
               +---------+---------+-------+---------+---------+-------+---------
           D:1 |       0 |      28 |   0.0 |       0 |      17 |   0.0 |   483
           D:2 |       0 |     107 |   0.0 |       0 |      16 |   0.0 |   939
           D:3 |       0 |     140 |   0.0 |       0 |      34 |   0.0 |   829
           D:4 |       0 |     313 |   0.0 |       0 |      20 |   0.0 |   701
           D:5 |       0 |     576 |   0.0 |       0 |       7 |   0.0 |    88
               +---------+---------+-------+---------+---------+-------+---------
